 Dungeon Crawl Stone Soup version 0.30.1-11-g7821555f0a (webtiles) character file.

Game seed: 9851212591193979364

279 Destapler the Magician (level 6, 0/34 HPs)
             Began as a Deep Elf Venom Mage on Jan 12, 2024.
             Was an Initiate of Vehumet.
             Slain by a black bear (1 damage)
             ... on level 5 of the Dungeon.
             The game lasted 00:28:39 (5468 turns).

Destapler the Magician (Deep Elf Venom Mage)        Turns: 5468, Time: 00:28:40

Health: 0/34       AC:  2    Str: 11    XL:     6   Next: 5%
Magic:  6/14       EV: 13    Int: 22    God:    Vehumet [......]
Gold:   110        SH:  0    Dex: 15    Spells: 7/13 levels left

rFire   . . .        a - +3 dagger (venom)
rCold   . . .        (no shield)
rNeg    . . .        r - +0 robe
rPois   .            (no helmet)
rElec   .            (no cloak)
rCorr   .            (no gloves)
SInv    .            (no boots)
Will    .....        (no amulet)
Stlth   +++          b - +6 ring of strength
HPRegen 0.25/turn    u - ring of flight
MPRegen 0.14/turn

%: no passive effects
@: flying
A: no striking features
a: Renounce Religion


You were on level 5 of the Dungeon.
You worshipped Vehumet.
Vehumet was noncommittal.
You visited 1 branch of the dungeon, and saw 5 of its levels.

You collected 130 gold pieces.
You spent 20 gold pieces at shops.

Inventory:

Hand Weapons
 a - a +3 dagger of venom (weapon)
Armour
 r - a +0 robe (worn)
Jewellery
 b - a +6 ring of strength (left hand)
 u - a ring of flight (right hand)
Scrolls
 c - a scroll of amnesia
 d - 4 scrolls of teleportation {unknown}
 f - a scroll of noise {unknown}
 h - 3 scrolls of identify
 j - a scroll of silence {unknown}
 l - a scroll of summoning {unknown}
 n - a scroll of vulnerability {unknown}
 p - 2 scrolls of enchant weapon {unknown}
Potions
 e - a potion of mutation
 g - a potion of attraction
 i - 4 potions of curing {unknown}
 k - a potion of lignification {unknown}
 o - a potion of heal wounds {unknown}
 q - 2 potions of brilliance {unknown}
 s - a potion of haste {unknown}
 t - 2 potions of ambrosia {unknown}


   Skills:
 - Level 1.0 Fighting
 + Level 1.4 Short Blades
 + Level 3.7 Dodging
 + Level 3.8 Stealth
 - Level 4.0 Spellcasting
 + Level 0.5 Conjurations
 + Level 2.7 Transmutations
 + Level 1.8 Air Magic
 - Level 4.0 Poison Magic


You had 7 spell levels left.
You knew the following spells:

 Your Spells              Type           Power      Damage    Failure   Level
a - Sting                 Tmut/Pois      76%        1d6       2%          1
b - Poisonous Vapours     Pois/Air       34%        N/A       4%          2
c - Mephitic Cloud        Conj/Pois/Air  13%        N/A       14%         3

Your spell library contained the following spells:

 Spells                   Type           Power      Damage    Failure   Level
 Wereblood                Tmut           16%        N/A       5%          2
 Summon Small Mammal      Summ           16%        N/A       11%         1
 Sublimation of Blood     Necr           4%         N/A       17%         2
 Olgreb's Toxic Radiance  Pois           22%        N/A       22%         4
 Call Canine Familiar     Summ           4%         N/A       32%         3
 Summon Guardian Golem    Hex/Summ       4%         N/A       32%         3
 Summon Hydra             Summ           2%         N/A       100%        7


Dungeon Overview and Level Annotations

Branches:
Dungeon (5/15)
 Temple: D:4-7

Altars:
Vehumet

Shops:
D:2 (?(:

Annotations:
D:4 exclusion: phantom


Message History

Poisonous vapours surround the black bear!
The black bear is poisoned.
The black bear bites you. The black bear claws you. x2
Poisonous vapours surround the black bear!
The black bear looks even sicker.
The black bear closely misses you. The black bear claws you.
The black bear closely misses you.
Poisonous vapours surround the black bear!
The black bear looks as sick as possible!
The black bear bites you.
The black bear claws you but does no damage.
The black bear claws you.
Poisonous vapours surround the black bear!
The black bear looks as sick as possible!
The black bear bites you!
* * * LOW HITPOINT WARNING * * *
The black bear claws you.
* * * LOW HITPOINT WARNING * * *
The black bear misses you.
Okay, then.
The black bear attacks as you move away!
The black bear closely misses you. The black bear claws you.
* * * LOW HITPOINT WARNING * * *
The black bear closely misses you.
Casting: Poisonous Vapours (safe; 4% risk of failure)
Confirm with . or Enter, or press ? or * to list all spells.
Aiming: Sting (safe; 2% risk of failure)
Press: ? - help, Shift-Dir - straight line, f/p - black bear
Aim: a black bear (moderately wounded, extremely poisoned, 81% to hit)
The sting hits the black bear.
The black bear looks as sick as possible!
The black bear is severely wounded.
The black bear closely misses you. The black bear misses you.
The black bear claws you.
* * * LOW HITPOINT WARNING * * *
Okay, then.
It was a potion of cancellation.
You feel magically purged. The black bear bites you.
* * * LOW HITPOINT WARNING * * *
The black bear claws you but does no damage.
The black bear claws you.
You die...

. # .. .# .##.#
#. <...# #.
###....
.#.####....###
......'......#
..####.###h...#
........@....+
###...##....#
#<..........#
#.##........#
..........###...
###..##....#
.... #........#
... ##########
..


You could see a black bear (extremely poisoned).

Vanquished Creatures
  An orc priest (D:3)
  2 hounds (D:4)
  Robin (D:2)
  3 adders
  3 worms
  4 dart slugs
  12 orcs
  8 endoplasms
  2 giant cockroaches
  16 goblins
  14 hobgoblins
  7 jackals
  5 kobolds
  8 quokkas
  10 ball pythons
  7 bats
  2 frilled lizards
  5 rats
110 creatures vanquished.

Notes
Turn   | Place    | Note
-------+----------+-------------------------------------------
     0 | D:1      | Destapler the Deep Elf Venom Mage began the quest for the
                  | Orb.
     0 | D:1      | Reached XP level 1. HP: 10/10 MP: 6/6
   333 | D:1      | Reached XP level 2. HP: 16/16 MP: 2/8
   425 | D:1      | Learned a level 2 spell: Poisonous Vapours
   867 | D:1      | Reached XP level 3. HP: 20/20 MP: 7/9
  1051 | D:1      | Found a faded altar of an unknown god.
  1192 | D:2      | Found Azekum's Book Emporium.
  1193 | D:2      | Noticed a walking divine tome
  1194 | D:2      | Noticed a walking divine tome
  1804 | D:2      | Found Xeome's Antique Weapon Emporium.
  1814 | D:2      | Found Mufrulus's Magic Scroll Boutique.
  1820 | D:2      | Bought a scroll of identify for 20 gold pieces
  1850 | D:2      | Noticed Robin
  1887 | D:2      | Killed Robin
  1888 | D:2      | Reached XP level 4. HP: 24/24 MP: 3/11
  2104 | D:2      | Reached skill level 1 in Fighting
  2353 | D:2      | Found Biod's Antique Weapon Shoppe.
  2856 | D:2      | Reached skill level 1 in Air Magic
  4009 | D:3      | Reached XP level 5. HP: 29/29 MP: 9/12
  4134 | D:3      | Reached skill level 1 in Short Blades
  4486 | D:3      | Learned a level 3 spell: Mephitic Cloud
  4692 | D:4      | Noticed a phantom
  5013 | D:4      | Reached XP level 6. HP: 24/34 MP: 8/14
  5114 | D:4      | Found a radiant altar of Vehumet.
  5132 | D:4      | Became a worshipper of Vehumet
  5371 | D:5      | Entered Level 5 of the Dungeon
  5468 | D:5      | HP: 1/34 [black bear (2)]
  5468 | D:5      | Slain by a black bear

Illustrated notes

Levels and vault maps discovered:
D:1:      wander_arrival_estate, layout_loops_cross,
          dilly_ecumenical_altar_fadedgnrine, minmay_fountain_box,
          minmay_surrounded
D:2:      layout_basic, serial_shops, shop, nicolae_shop_mannequins, shop,
          nicolae_square_shop, uniq_robin
D:3:      layout_loops_cross
D:4:      layout_gridville, mainiacjoe_overflow_six_doors_small
D:5:      layout_basic

Skill      XL: |  1  2  3  4  5 |
---------------+----------------+-----
Stealth        | 3 |  3.8
Dodging        | 3 |  3.7
Transmutations | 2 |  2.7
Fighting       | 1 |  1.0
Air Magic      | 1 |  1.8
Short Blades   | 1 |  1.4
Spellcasting   | 4 |  4.0
Poison Magic   | 4 |  4.0
Conjurations   | |  0.5

Action                     |  1- 3 |  4- 6 || total
---------------------------+-------+-------++-------
  Melee: Unarmed           |     3 |       ||     3
         Whip              |    16 |       ||    16
         Dagger            |    19 |    53 ||    72
   Cast: Sting             |    89 |    84 ||   173
         Poisonous Vapours |     9 |    62 ||    71
    Use: Potion            |     1 |     1 ||     2
         Scroll            |     3 |       ||     3
   Stab: Sleeping          |     2 |     4 ||     6
 Armour: Robe              |    11 |     8 ||    19
  Dodge: Dodged            |    54 |    47 ||   101
